 Dungeon Crawl Stone Soup version 0.30-a0-800-g7c544603b3 (webtiles) character file.

Game seed: 4745434214498450068

139325 cheesebisquit the Earth Mage (level 17, -2/171 HPs)
             Began as a Gargoyle Earth Elementalist on Feb 21, 2023.
             Was a High Priest of Vehumet.
             Slain by a tarantella (11 damage)
             ... summoned by a broodmother
             ... on level 4 of the Spider Nest.
             The game lasted 02:35:53 (45291 turns).

cheesebisquit the Earth Mage (GrEE)                Turns: 45291, Time: 02:35:53

Health: -2/171     AC: 28    Str:  9 (11) XL:     17   Next: 28%
Magic:  13/35      EV:  2    Int: 37 (38) God:    Vehumet [*****.]
Gold:   1441       SH:  0    Dex: 18      Spells: 20/44 levels left

rFire   . . .      SeeInvis +    (no weapon)
rCold   + . .      Faith    .    f - +0 kite shield of Ziots {Int+4 SInv Stlth+}
rNeg    + . .      Spirit   .    (body armour currently unavailable)
rPois   ∞          Reflect  +    (helmet currently unavailable)
rElec   +          Harm     .    (cloak currently unavailable)
rCorr   +          Rampage  .    (gloves currently unavailable)
Will    +....      NoTele   +    (boots currently unavailable)
Stlth   ++                       Z - amulet of reflection
HPRegen 0.48/turn                I - +6 ring of intelligence
MPRegen 0.24/turn                B - ring of Zach {Wiz rF- Int+3 Dex+8 SInv}

@: confused, tree-form, resistant, ambrosia-drunk, hasted, very quick
A: stationary, stasis, torment immunity, boosted hp, sickness immunity, AC +12,
(big wings), negative energy resistance 1, (electricity resistance), torment
resistance 1, petrification resistance, inability to read after injury 1
a: Renounce Religion


You were on level 4 of the Spider Nest.
You worshipped Vehumet.
Vehumet was extremely pleased with you.
You were a tree.
You visited 5 branches of the dungeon, and saw 27 of its levels.
You also visited: Ice Cave.

You collected 3357 gold pieces.
You spent 1916 gold pieces at shops.

Inventory:

Hand Weapons
 g - a +4 eveningstar of holy wrath
Missiles
 c - 33 poisoned darts
 x - 2 throwing nets
 D - a curare-tipped dart
 M - 2 silver boomerangs
Armour
 f - the +0 kite shield of Ziots (worn) {Int+4 SInv Stlth+}
   (You acquired it on level 3 of the Spider Nest)

   Int:       It affects your intelligence (+4).
   SInv:      It lets you see invisible.
   Stlth:     It makes you more stealthy.
 l - a +2 pair of gloves (melded)
 s - a +2 cloak (melded)
 N - a +3 leather armour of resistance (melded)
 O - a +2 helmet (melded)
Jewellery
 a - an amulet of magic regeneration
 e - a ring of resist corrosion
 i - a ring of magical power
 B - the ring of Zach (right branch) {Wiz rF- Int+3 Dex+8 SInv}
   (You bought it in a shop on level 2 of the Orcish Mines)

   [ring of wizardry]

   It improves your spell success rate.
   Int:       It affects your intelligence (+3).
   Dex:       It affects your dexterity (+8).
   rF:        It makes you vulnerable to fire.
   SInv:      It lets you see invisible.
 I - a +6 ring of intelligence (left branch)
 S - a ring of protection from cold
 U - a ring of positive energy
 X - a ring of magical power
 Y - a ring of positive energy
 Z - an amulet of reflection (around neck)
Wands
 h - a wand of roots (17)
 r - a wand of polymorph (8)
 t - a wand of flame (86)
 u - a wand of mindburst (13)
 E - a wand of digging (17)
 F - a wand of quicksilver (2)
Scrolls
 d - 3 scrolls of silence
 m - 3 scrolls of teleportation
 n - 2 scrolls of magic mapping
 o - 2 scrolls of brand weapon
 p - a scroll of vulnerability
 q - 2 scrolls of poison
 y - 5 scrolls of fog
 z - a scroll of blinking
 A - 2 scrolls of immolation
 G - a scroll of amnesia {unknown}
 J - a scroll of enchant armour
 P - 2 scrolls of torment
Potions
 b - 11 potions of curing
 j - 3 potions of invisibility
 k - 5 potions of attraction
 v - 2 potions of resistance
 w - 5 potions of mutation
 C - a potion of ambrosia
 H - 3 potions of lignification
 K - 5 potions of might
Miscellaneous
 V - a lightning rod (4/4)


   Skills:
 + Level 15.7 Fighting
 * Level 2.8 Maces & Flails
 - Level 1.6 Dodging
 - Level 2.3 Stealth
 - Level 6.5 Shields
 - Level 14.1 Spellcasting
 + Level 15.7 Conjurations
 - Level 0.9 Transmutations
 + Level 19.7 Earth Magic


You had 20 spell levels left.
You knew the following spells:

 Your Spells              Type           Power      Damage    Failure   Level
a - Sandblast             Erth           100%       2d20      0%          1
b - Stone Arrow           Conj/Erth      100%       3d13      0%          3
c - Lee's Rapid Deconstr  Erth           53%        3d25*     1%          5
d - Iskenderun's Mystic   Conj/Tloc      71%        2d14      1%          4
e - Irradiate             Conj/Tmut      36%        3d23      1%          5
f - Iron Shot             Conj/Erth      51%        9d10      1%          6

Your spell library contained the following spells:

 Spells                   Type           Power      Damage    Failure   Level
 Conjure Ball Lightning   Conj/Air       35%        3x3d11    2%          6
 Freeze                   Ice            100%       1d10      1%          1
 Necrotise                Necr           100%       1d9       1%          1
 Passwall                 Tmut/Erth      66%        N/A       1%          2
 Scorch                   Fire           52%        2d7       1%          2
 Frozen Ramparts          Ice            52%        1d8       1%          3
 Hailstorm                Conj/Ice       71%        3d15      1%          3
 Ignite Poison            Fire/Tmut/Pois 28%        N/A       1%          3
 Inner Flame              Hex/Fire       26%        N/A       1%          3
 Kindle Blastsparks       Fire/Tloc/Air  52%        2d14      1%          3
 Animate Armour           Summ/Erth      100%       N/A       1%          4
 Flame Wave               Conj/Fire      71%        2d16      1%          4
 Petrify                  Tmut/Erth      80%        N/A       1%          4
 Sticky Flame             Conj/Fire      71%        2d8       1%          4
 Freezing Cloud           Conj/Ice/Air   29%        6-21      1%          5
 Blink                    Tloc           52%        N/A       2%          2
 Ozocubu's Armour         Ice            26%        N/A       4%          3
 Ice Form                 Ice/Tmut       29%        N/A       12%         4
 Manifold Assault         Tloc           26%        N/A       16%         4
 Blade Hands              Tmut           16%        N/A       26%         5
 Metabolic Englaciation   Hex/Ice        13%        N/A       38%         5
 Simulacrum               Ice/Necr       13%        N/A       89%         6
 Summon Cactus Giant      Summ           13%        N/A       89%         6
 Ozocubu's Refrigeration  Ice            13%        4d10      91%         7
 Storm Form               Tmut/Air       14%        N/A       100%        7
 Ignition                 Fire           13%        3d6       100%        8
 Polar Vortex             Ice            13%        N/A       100%        9


Dungeon Overview and Level Annotations

Branches:
Dungeon (15/15)            Temple (1/1) D:5            Lair (5/5) D:8
  Swamp (0/4) Lair:3       Spider (4/4) Lair:2        Slime (0/5) Lair:5
    Orc (2/2) D:10            Elf (0/3) Orc:2        Vaults (0/5) D:13
 Depths (0/4) D:15          IceCv (visited)

Altars:
Ashenzari
Cheibriados
Dithmenos
Elyvilon
Fedhas
Gozag
Hepliaklqana
Kikubaaqudgha
Makhleb
Nemelex Xobeh
Okawaru
Qazlal
Ru
Sif Muna
Trog
Uskayaw
Vehumet
Wu Jian
Xom
Yredelemnul
Zin
The Shining One
Jiyva

Shops:
D:2 =   D:12 (!   Orc:1 *   Orc:2 [(==

Annotations:
Spider:3 2 transporters, Paij's ghost, adept OpCj


Innate Abilities, Weirdness & Mutations

You are a tree.
Your roots penetrate the ground, keeping you stationary.
You cannot be teleported.
You are immune to unholy pain and torment.
Your maximum health is greatly increased.
Your equipment is partially melded.
You are immune to sickness and miasma.
((Your stone body is resilient. (AC +12)))
You are immune to poison.
((Your large and strong wings let you fly.))
You resist negative energy. (rN+)
((You are resistant to electric shocks. (rElec)))
You are resistant to unholy torment.
You are immune to petrification.
You occasionally lose the ability to read scrolls when taking damage.


Message History

You feel hot and cold all over.
Your roots penetrate the ground.
The tarantella disappears in a puff of smoke!
The tarantella touches you but does no damage.
The redback bites you but does no damage.
The tarantella touches you.
The broodmother bites you but does no damage.
The tarantella touches you but does no damage.
The jumping spider leaps!
The tarantella touches you!
* * * LOW HITPOINT WARNING * * *
You are more confused.
Your +4 eveningstar of holy wrath stops glowing.
You are now empty-handed.
The tarantella barely misses you.
The tarantella touches you but does no damage.
The redback bites you but does no damage.
The broodmother bites you!
* * * LOW HITPOINT WARNING * * *
You feel protected.
The jumping spider leaps!
The tarantella touches you but does no damage.
The tarantella barely misses you. The tarantella touches you.
* * * LOW HITPOINT WARNING * * *
The redback bites you!
* * * LOW HITPOINT WARNING * * *
The tarantella touches you but does no damage.
The tarantella touches you.
* * * LOW HITPOINT WARNING * * *
The broodmother bites you.
* * * LOW HITPOINT WARNING * * *
You are more confused.
You feel invigorated.
The tarantella touches you but does no damage. x2
The redback bites you but does no damage.
The tarantella touches you but does no damage.
The tarantella touches you!
* * * LOW HITPOINT WARNING * * *
The broodmother bites you.
* * * LOW HITPOINT WARNING * * *
The tarantella touches you but does no damage. x3
You feel yourself speed up. The tarantella touches you!
You die...

.. .... .^.^††s.^.##....
..: ... ^~..^....^#.....
....^ .^^ #####^^...##.....
....^##..##...###^^##......
....^~.~##....^.####....^.^
.......^.^....[.^.########^
.................~.^...^~^.
........"sss.....#........^
...^†.^..s♣s....†..†.......
...##.†^.ss.....#.........
...^...#####.~.^.^^........
......^ ≈########..^^~...
~^..... (^~s...#########.
#...... ..s.....#^^.^....
#...... ......ys##.......
###^... .......y.##......
###^^ ..........##....^


You could see a broodmother, a jumping spider (summoned), 4 tarantellas and a
redback (summoned).

Vanquished Creatures
  5 emperor scorpions
  5 ghost moths
  Louise (Spider:2)
  An orc warlord (Orc:2)
  A stone giant (D:15)
  A very ugly thing (D:14)
  Fannar (Lair:1)
  2 ice dragons
  5 vault guards (D:13)
  A rakshasa (D:15)
  A hydra (D:13)
  4 radroaches
  Erica (Lair:1)
  5 centaur warriors
  An ogre mage (D:15)
  8 two-headed ogres
  2 death knights (D:15)
  5 boulder beetles
  A jorogumo (Spider:1)
  A deep troll earth mage (D:15)
  3 tengu warriors
  An orc high priest (Orc:1)
  Urug (Lair:1)
  A skyshark (Lair:5)
  Amaemon (Lair:1)
  Nergalle (Lair:1)
  A skeletal warrior (D:15)
  A sun moth (Spider:4)
  2 pharaoh ants
  5 orb spiders
  6 steelbarb worms
  3 deep elf pyromancers
  A phantasmal warrior (D:15)
  5 ugly things
  A harpy (shapeshifter) (D:15)
  3 orc knights
  An orc sorcerer (Orc:2)
  18 wolf spiders
  2 oklob plants (Lair:5)
  A manticore (D:13)
  Joseph (D:7)
  3 cyclopes
  4 moths of wrath
  4 elephants (Lair:5)
  9 black mambas
  Maurice (D:9)
  6 demonic crawlers
  A guardian serpent (Lair:5)
  3 ice statues
  Maggie (D:9)
  A smoke demon (D:14)
  4 unseen horrors
  3 torpor snails
  15 cane toads
  A gargoyle (D:12)
  An orange demon (Lair:1)
  Psyche (D:8)
  7 rime drakes
  An ice devil (D:14)
  3 komodo dragons
  2 tengu conjurers
  An efreet (D:14)
  7 meliai
  12 hornets
  10 trolls
  17 blink frogs
  21 tarantellas
  3 polar bears
  A tyrant leech (shapeshifter) (D:13)
  A snapping turtle (shapeshifter) (D:14)
  12 dream sheep
  A centaur simulacrum (D:14)
  15 culicivoras
  15 slime creatures
  29 jumping spiders
  7 wraiths
  29 yaks
  5 humans (D:13)
  2 shadows
  10 wyverns
  2 vampires
  7 basilisks
  A hog (shapeshifter) (Spider:1)
  47 redbacks
  A steam dragon (D:7)
  A redback (shapeshifter) (D:15)
  4 vampire mosquitoes (D:15)
  2 acid dragons
  20 water moccasins
  45 orc warriors
  2 sky beasts
  6 ice beasts
  4 black bears
  8 ogres
  4 boggarts (D:15)
  24 centaurs
  5 wolves
  4 phantoms
  3 kobold brigands
  A gnoll sergeant (D:10)
  5 bullfrogs
  4 scorpions
  8 wights
  5 lindwurm simulacra (IceCv)
  13 killer bees
  5 howler monkeys
  2 electric eels
  4 crimson imps (D:14)
  4 komodo dragon simulacra (IceCv)
  3 jellies
  4 hounds
  19 orc priests
  A gnoll bouda (D:9)
  An iguana (D:5)
  29 orc wizards
  11 gnolls
  5 acid dragon simulacra (IceCv)
  4 adders
  10 white imps
  7 steam dragon simulacra (IceCv)
  6 worms
  2 dart slugs
  The ghost of browni3141 the Conjurer, a weakling FoCj (D:15)
  98 orcs
  11 ball pythons
  10 endoplasms
  A giant cockroach (D:3)
  9 goblins
  6 hobgoblins
  3 jackals (D:3)
  2 quokkas
  3 bats
  2 frilled lizards
  19 kobolds
  3 rats
891 creatures vanquished.

Vanquished Creatures (others)
  2 humans (D:13)
  41 fungi
  74 plants
117 creatures vanquished.

Grand Total: 1008 creatures vanquished

Notes
Turn   | Place    | Note
-------+----------+-------------------------------------------
     0 | D:1      | cheesebisquit the Gargoyle Earth Elementalist began the
                  | quest for the Orb.
     0 | D:1      | Reached XP level 1. HP: 10/10 MP: 3/3
   266 | D:1      | Reached XP level 2. HP: 15/15 MP: 3/5
   415 | D:1      | Reached skill level 4 in Earth Magic
  1187 | D:2      | Reached XP level 3. HP: 19/19 MP: 2/6
  2070 | D:2      | Found Peikecoum's Jewellery Emporium.
  2083 | D:2      | Reached XP level 4. HP: 24/24 MP: 6/8
  2630 | D:3      | Learned a level 3 spell: Stone Arrow
  3159 | D:4      | Reached skill level 5 in Earth Magic
  3256 | D:4      | Reached XP level 5. HP: 25/28 MP: 8/10
  3424 | D:4      | Noticed a phantom
  3488 | D:4      | Killed a phantom
  3489 | D:4      | Reached skill level 6 in Earth Magic
  3489 | D:4      | Reached XP level 6. HP: 32/32 MP: 5/12
  3805 | D:4      | Noticed a black bear
  3807 | D:4      | Killed a black bear
  3808 | D:4      | Reached XP level 7. HP: 36/36 MP: 10/14
  4141 | D:4      | Found an ornate altar of the Wu Jian Council.
  4148 | D:4      | Reached skill level 5 in Spellcasting
  4148 | D:4      | Reached skill level 7 in Earth Magic
  4162 | D:4      | Found a shimmering blue altar of Sif Muna.
  4463 | D:5      | Entered Level 5 of the Dungeon
  4789 | D:2      | Bought a ring of see invisible for 150 gold pieces
  4861 | D:5      | Found a staircase to the Ecumenical Temple.
  4867 | Temple   | Entered the Ecumenical Temple
  5093 | Temple   | Became a worshipper of Vehumet
  5252 | D:5      | Identified the +3 quarterstaff of the Philosopher {drain,
                  | *Corrode rElec rF+++ Int-2}
  5311 | D:5      | Found a hide-covered altar of Uskayaw.
  5361 | D:5      | Reached skill level 8 in Earth Magic
  5735 | D:6      | Reached XP level 8. HP: 41/41 MP: 9/16
  6077 | D:6      | Noticed a wraith
  6083 | D:6      | Killed a wraith
  6084 | D:6      | Reached skill level 9 in Earth Magic
  6327 | D:6      | Reached skill level 10 in Earth Magic
  6327 | D:6      | Reached XP level 9. HP: 45/45 MP: 14/20
  6990 | D:7      | Noticed Joseph
  6996 | D:7      | Killed Joseph
  7041 | D:7      | Reached skill level 11 in Earth Magic
  7059 | D:7      | Reached skill level 1 in Conjurations
  7060 | D:7      | Reached skill level 1 in Fighting
  7244 | D:7      | Reached * piety under Vehumet
  7244 | D:7      | Offered knowledge of Foxfire by Vehumet.
  7979 | D:7      | Found an opulent altar of Gozag.
  7979 | D:7      | Found a sparkling altar of Nemelex Xobeh.
  8094 | D:8      | Noticed Psyche
  8098 | D:8      | Killed Psyche
  8174 | D:8      | Found a staircase to the Lair.
  8232 | D:8      | Found a snail-covered altar of Cheibriados.
  8237 | D:8      | Reached XP level 10. HP: 56/56 MP: 9/22
  8520 | D:8      | Reached skill level 12 in Earth Magic
  8592 | D:8      | Identified the +0 scale mail "Xaupheat" {rC+}
  8860 | D:8      | Offered knowledge of Shock by Vehumet.
  9019 | D:8      | Reached ** piety under Vehumet
  9268 | D:8      | Reached skill level 5 in Fighting
  9268 | D:8      | Reached skill level 5 in Conjurations
  9594 | D:9      | Got the Discourse on Cold Zombies
 10050 | D:9      | Noticed Maurice
 10054 | D:9      | Killed Maurice
 10182 | D:9      | Reached XP level 11. HP: 64/64 MP: 20/24
 10308 | D:9      | Offered knowledge of Searing Ray by Vehumet.
 10421 | D:9      | Noticed Maggie
 10429 | D:9      | Killed Maggie
 10633 | D:9      | Found a burning altar of Makhleb.
 10635 | D:9      | Found a white marble altar of Elyvilon.
 10638 | D:9      | Found a hazy altar of Hepliaklqana.
 10777 | D:10     | Entered Level 10 of the Dungeon
 10937 | D:10     | Found a staircase to the Orcish Mines.
 11195 | D:10     | Reached *** piety under Vehumet
 11403 | D:10     | Noticed a two-headed ogre
 11597 | D:10     | Reached skill level 13 in Earth Magic
 11707 | D:10     | Killed a two-headed ogre
 11708 | D:10     | Reached skill level 10 in Spellcasting
 11861 | D:10     | Identified the +5 ring mail "Xasyptedd" {Contam Harm rF+++
                  | Str-3}
 12378 | D:11     | Noticed a boulder beetle
 12383 | D:11     | Killed a boulder beetle
 12522 | D:11     | Offered knowledge of Sticky Flame by Vehumet.
 12573 | D:11     | Noticed a purple ugly thing
 12579 | D:11     | Killed a purple ugly thing
 13739 | D:12     | Found Kadug's Weapon Shop.
 13863 | D:12     | Reached XP level 12. HP: 73/73 MP: 5/26
 13977 | D:12     | Reached **** piety under Vehumet
 14227 | D:12     | Reached skill level 14 in Earth Magic
 14337 | D:12     | Offered knowledge of Lee's Rapid Deconstruction by Vehumet.
 14470 | D:11     | Learned a level 5 spell: Lee's Rapid Deconstruction
 14856 | D:12     | Found Ludwus's Distillery.
 14856 | D:12     | Noticed a two-headed ogre
 14860 | D:12     | Killed a two-headed ogre
 14912 | D:12     | Bought a potion of heal wounds for 55 gold pieces
 14912 | D:12     | Bought a potion of heal wounds for 55 gold pieces
 14912 | D:12     | Bought a potion of curing for 33 gold pieces
 14912 | D:12     | Bought a potion of curing for 33 gold pieces
 15039 | D:12     | Identified the +5 short sword of Bochaym {spect, *Rage
                  | rPois Dex+3}
 15608 | Lair:1   | Entered Level 1 of the Lair of Beasts
 15646 | Lair:1   | Identified the +6 whip "Esiher" {drain, rF+ rCorr Str+3}
 15659 | Lair:1   | Noticed Amaemon
 15691 | Lair:1   | Killed Amaemon
 15908 | Lair:1   | Noticed Urug
 15923 | Lair:1   | Killed Urug
 16186 | Lair:1   | Noticed Nergalle
 16193 | Lair:1   | Killed Nergalle
 16312 | Lair:1   | Noticed Fannar
 16319 | Lair:1   | Killed Fannar
 16323 | Lair:1   | Noticed Erica
 16343 | Lair:1   | Killed Erica
 16568 | Lair:1   | Reached XP level 13. HP: 81/81 MP: 8/28
 16569 | Lair:1   | Reached skill level 15 in Earth Magic
 17121 | Lair:2   | Found a hide-covered altar of Uskayaw.
 17345 | Lair:2   | Reached skill level 10 in Conjurations
 17461 | Lair:2   | Reached ***** piety under Vehumet
 17505 | Lair:2   | Found a hole to the Spider Nest.
 17615 | Lair:2   | Offered knowledge of Lightning Bolt by Vehumet.
 17690 | Lair:2   | Reached skill level 10 in Fighting
 17751 | Lair:2   | Reached skill level 1 in Shields
 18378 | Lair:3   | Found a sparkling altar of Nemelex Xobeh.
 18612 | Lair:3   | Found a staircase to the Swamp.
 19176 | Lair:3   | Noticed an ice dragon
 19188 | Lair:3   | Killed an ice dragon
 21655 | Lair:5   | Entered Level 5 of the Lair of Beasts
 21880 | Lair:5   | Found a frozen archway.
 21889 | IceCv    | Entered an ice cave
 22517 | IceCv    | Noticed an ice dragon
 22522 | IceCv    | Killed an ice dragon
 22782 | Lair:5   | Gained mutation: Your large and strong wings let you fly.
                  | [Gargoyle growth]
 22782 | Lair:5   | Reached XP level 14. HP: 79/90 MP: 19/30
 22787 | Lair:5   | Reached skill level 16 in Earth Magic
 23075 | Lair:5   | Found a viscous altar of Jiyva.
 23076 | Lair:5   | Found a staircase to the Slime Pits.
 23085 | Lair:5   | Reached skill level 5 in Shields
 25889 | Orc:1    | Entered Level 1 of the Orcish Mines
 25891 | Orc:1    | Found Fyefuiget's Overcharged Wands.
 25898 | Orc:1    | Offered knowledge of Iskenderun's Mystic Blast by Vehumet.
 25904 | Orc:1    | Learned a level 4 spell: Iskenderun's Mystic Blast
 27110 | Orc:1    | Bought a wand of flame (40) for 420 gold pieces
 27123 | Orc:2    | Entered Level 2 of the Orcish Mines
 27602 | Orc:2    | Noticed an orc warlord
 27604 | Orc:2    | Offered knowledge of Irradiate by Vehumet.
 27617 | Orc:2    | Killed an orc warlord
 28070 | Orc:2    | Found Okaov's Jewellery Boutique.
 28346 | Orc:2    | Found Zahawif's Jewellery Emporium.
 28467 | Orc:2    | Found a staircase to the Elven Halls.
 29076 | Orc:2    | Found Dasis's Antique Weapon Shoppe.
 29078 | Orc:2    | Found Gatoje's Antique Armour Emporium.
 29287 | Orc:2    | Bought the ring of Zach {Wiz rF- Int+3 Dex+8 SInv} for 630
                  | gold pieces
 29338 | Orc:2    | Bought a +6 ring of intelligence for 540 gold pieces
 29554 | D:13     | Learned a level 5 spell: Irradiate
 30017 | D:13     | Reached XP level 15. HP: 97/97 MP: 22/32
 30093 | D:13     | Reached skill level 17 in Earth Magic
 30934 | D:13     | Found a gate to the Vaults.
 32856 | D:15     | Entered Level 15 of the Dungeon
 32869 | D:15     | Gained mutation: You occasionally lose the ability to read
                  | scrolls when taking damage. [mutagenic glow]
 33169 | D:15     | Found a staircase to the Depths.
 33313 | D:15     | Reached ****** piety under Vehumet
 33317 | D:15     | Offered knowledge of Arcjolt by Vehumet.
 33512 | D:15     | Found a runed translucent gate.
 33512 | D:15     | Found a runed translucent gate.
 33513 | D:15     | Found a runed translucent gate.
 33519 | D:15     | Noticed browni3141's ghost (weakling FoCj)
 33801 | D:15     | Found an opulent altar of Gozag.
 34210 | D:15     | Killed browni3141's ghost
 34258 | D:15     | Reached skill level 18 in Earth Magic
 34817 | Spider:1 | Entered Level 1 of the Spider Nest
 34824 | Spider:1 | Reached XP level 16. HP: 62/105 MP: 34/34
 35149 | Spider:1 | Learned a level 6 spell: Iron Shot
 35397 | Spider:1 | Offered knowledge of Eringya's Noxious Bog by Vehumet.
 38292 | Spider:2 | Noticed Louise
 38508 | Spider:2 | Killed Louise
 38741 | Spider:2 | Offered knowledge of Starburst by Vehumet.
 39111 | Spider:2 | Reached skill level 19 in Earth Magic
 39409 | Spider:2 | Identified the -1 buckler of Fatedemu {rCorr Str+4}
 40835 | Spider:3 | Reached skill level 15 in Fighting
 40835 | Spider:3 | Reached skill level 15 in Conjurations
 41033 | Spider:3 | Identified a scroll of acquirement
 41034 | Spider:3 | Acquired the +0 kite shield of Ziots {Int+4 SInv Stlth+}
 41086 | Spider:3 | Found a transporter.
 41088 | Spider:3 | Noticed Paij's ghost (adept OpCj)
 41113 | Spider:3 | Found a transporter.
 41464 | Spider:4 | Entered Level 4 of the Spider Nest
 41876 | Spider:3 | Found a transporter.
 41897 | Spider:3 | Found a transporter.
 42912 | Spider:4 | Reached XP level 17. HP: 113/113 MP: 22/35
 44200 | Spider:4 | Offered knowledge of Conjure Ball Lightning by Vehumet.
 44453 | Spider:4 | Reached skill level 1 in Maces & Flails
 45290 | Spider:4 | HP: 8/171 [tarantella[a broodmother] (9)]
 45291 | Spider:4 | Slain by a tarantella

Illustrated notes

Levels and vault maps discovered:
D:1:      lightli_iron_boxes, layout_basic
D:2:      layout_loops_corners, serial_shops, shop, nicolae_figureground_sparkle
D:3:      layout_basic
D:4:      layout_basic, amethyst_overflow_temple_binary,
          minmay_misc_feat_plants, minmay_three_crescents
D:5:      layout_basic, kennysheep_little_box, minmay_temple_entry_hall
D:6:      layout_basic, serial_rivers, chequers_serial_rivers_room_a,
          chequers_serial_rivers_small_a, chequers_serial_rivers_room_a,
          chequers_serial_rivers_micro_d, chequers_serial_rivers_micro_a,
          chequers_serial_rivers_small_a
D:7:      layout_layer_cave, grunt_temple_overflow_opulence,
          chequers_serial_rivers_marsh, uniq_joseph
D:8:      layout_loops_ring, lemuel_round_altar, lair_entry_dummy,
          enter_bailey_5, uniq_psyche
D:9:      layout_basic, grunt_temple_overflow_open, minmay_strange_pillars,
          uniq_maggie, uniq_maurice
D:10:     layout_big_octagon, david_orc_3, minmay_fractal_squares_5
D:11:     layout_basic, gauntlet_entry_generic
D:12:     layout_rooms, serial_shops, shop, nicolae_shop_bloodbath_and_beyond
D:13:     layout_loops_ring, ximxim_vaults_locker_room, minmay_misc_feat_square
D:14:     layout_basic, hangedman_abyss_or_decor_lesser_grid, serial_curves,
          eino_curves_03, eino_curves_02, eino_curves_03, minmay_fire_ice_demons
D:15:     grunt_enter_depths_snipers, layout_rooms, gammafunk_ghost_split,
          nicolae_gozag_seed_capital, grunt_ministairs_1
Temple:   nicolae_temple_figure_eight
Lair:1:   layout_long_grid, lemuel_fruit_fields, serial_bayou_shore_b,
          uniq_amaemon, uniq_nergalle, uniq_fannar, uniq_erica, uniq_urug
Lair:2:   layout_concentric_octagons, spider_nest_entry_webs, basic_altar,
          patterned_corridor, serial_bayou_shore_a
Lair:3:   layout_chaotic_city, minmay_swamp_entry_worms, basic_altar,
          ice2_lemuel, grunt_megastairs_4
Lair:4:   layout_cave_pods, lemuel_fruit_fields
Lair:5:   hangedman_lair_tendril_chambers, layout_concentric_octagons,
          minmay_slime_entry_oklob_enclosed, portal_ice_cave_entry_pillars_1
Spider:1: spiders_nest_scorpion_pit, hellmonk_deceptive_appearances
Spider:2: layout_spider_delve, uniq_louise
Spider:3: layout_spider_delve, gammafunk_ghost_mausoleum
Spider:4: grunt_spider_rune_parallel
Orc:1:    layout_caves, special_room [special_room_orc],
          nicolae_shop_overcharged_wands
Orc:2:    grunt_orc_community_town_hall, layout_caves,
          grunt_orc_community_big_house_1, grunt_orc_community_big_house_1,
          grunt_orc_community_house_1, grunt_orc_community_house_2,
          grunt_orc_community_house_3, grunt_orc_community_house_2,
          grunt_orc_community_house_2, grunt_orc_community_house_1,
          abandoned_shop

Skill      XL: |  1  2  3  4  5  6  7  8  9 10 11 12 13 14 15 16 17 |
---------------+----------------------------------------------------+-----
Earth Magic    | 4 5 6 8 10 11 12 13 14 15 16 18 19 | 19.7
Spellcasting   | 3 4 5 7 8 9 10 11 12 13 14 | 14.1
Conjurations   | 3 5 7 9 11 12 13 15 | 15.7
Fighting       | 3 5 7 9 11 12 13 15 | 15.7
Shields        | 4 6 |  6.5
Maces & Flails | 2 |  2.8
Dodging        | |  1.6
Stealth        | |  2.3
Transmutations | |  0.9

Action                     |  1- 3 |  4- 6 |  7- 9 | 10-12 | 13-15 | 16-18 || total
---------------------------+-------+-------+-------+-------+-------+-------++-------
  Melee: Unarmed           |     7 |       |       |       |       |       ||     7
         Club              |       |     1 |       |       |       |       ||     1
         Morningstar       |       |       |     5 |       |       |       ||     5
         Flail             |       |       |       |    53 |    66 |    14 ||   133
         Eveningstar       |       |       |       |       |       |    40 ||    40
   Cast: Sandblast         |    47 |    54 |   100 |       |       |     1 ||   202
         Stone Arrow       |       |       |    25 |   326 |   713 |    19 ||  1083
         Lee's Rapid Decon |       |       |       |     4 |    90 |    13 ||   107
         Iskenderun's Myst |       |       |       |       |     6 |     8 ||    14
         Irradiate         |       |       |       |       |     8 |    12 ||    20
         Iron Shot         |       |       |       |       |       |   217 ||   217
  Evoke: Wand              |       |       |     1 |     3 |       |     3 ||     7
    Use: Scroll            |       |       |     6 |    15 |    17 |    19 ||    57
         Potion            |       |       |       |     4 |     8 |    20 ||    32
 Armour: Robe              |     5 |     6 |    15 |    18 |       |       ||    44
         Steam dragon scal |       |       |       |    18 |       |       ||    18
         Acid dragon scale |       |       |       |    10 |   107 |       ||   117
         Leather armour    |       |       |       |       |    36 |   252 ||   288
         Skin              |       |       |       |       |       |    15 ||    15
  Dodge: Dodged            |     5 |    23 |    50 |   153 |   190 |   140 ||   561
  Block: Buckler           |       |       |       |       |   162 |   121 ||   283
         Reflection        |       |       |       |       |    14 |     1 ||    15
         Kite shield       |       |       |       |       |       |    87 ||    87

Table legend: (Time is in decaauts)
 A = Elapsed time spent in this place.
 B = Non-inter-level travel time spent in this place.
 C = Inter-level travel time spent in this place.
 D = Time resting spent in this place.
 E = Time spent auto-exploring this place.
 F = Levels seen in this place.
 G = Mean time per level.
                   A        B        C        D        E       F      G
               +--------+--------+--------+--------+--------+-----+--------+
         Total |  45456 |  42852 |   2604 |   9359 |  28262 |  28 | 1623.4 |
       Dungeon |  20981 |  19561 |   1420 |   1838 |  15198 |  15 | 1398.7 |
        Temple |    247 |    200 |     47 |      0 |    197 |   1 |  247.0 |
          Lair |   9832 |   9406 |    426 |   1794 |   6572 |   5 | 1966.4 |
   Spider Nest |  10046 |   9658 |    388 |   4129 |   4571 |   4 | 2511.5 |
  Orcish Mines |   3464 |   3142 |    322 |   1345 |   1241 |   2 | 1732.0 |
      Ice Cave |    884 |    884 |      0 |    252 |    483 |   1 |  884.0 |
               +--------+--------+--------+--------+--------+-----+--------+

Top non-repeatable levels by time:
Spider:1: 3078 daAuts
  Lair:5: 2539 daAuts
Spider:2: 2531 daAuts
  Lair:4: 2251 daAuts
Spider:3: 2246 daAuts
Spider:4: 2189 daAuts
   Orc:2: 2129 daAuts
    D:10: 1985 daAuts
  Lair:3: 1774 daAuts
    D:14: 1768 daAuts
    D:11: 1754 daAuts
    D:15: 1737 daAuts
  Lair:2: 1735 daAuts
     D:7: 1561 daAuts
     D:8: 1539 daAuts
